 Dungeon Crawl Stone Soup version 0.28.0-53-g5a82cb258f (webtiles) character file.

Game seed: 6700679317979822886

1030 Sin92 the Covered (level 8, 0/70 HPs)
             Began as a Minotaur Fighter on June 8, 2022.
             Slain by a centaur (1 damage)
             ... on level 5 of the Dungeon.
             The game lasted 00:04:33 (4513 turns).

Sin92 the Covered (Minotaur Fighter)                Turns: 4513, Time: 00:04:34

Health: 0/70       AC:  7    Str: 21    XL:     8   Next: 3%
Magic:  7/7        EV: 11    Int:  5    God:
Gold:   212        SH:  0    Dex: 12    Spells: 7/7 levels left

rFire   + . .      SeeInvis .   a - +0 flail
rCold   + . .      Faith    .   c - +0 buckler
rNeg    . . .      Spirit   .   b - +0 scale mail
rPois   +          Reflect  .   (helmet restricted)
rElec   +          Harm     .   (no cloak)
rCorr   +          Rampage  .   (no gloves)
Will    .....                   (no boots)
Stlth   ..........              (no amulet)
HPRegen 0.21/turn               (no ring)
MPRegen 0.10/turn               (no ring)

@: confused, resistant, attractive, flying
A: horns 2, retaliatory headbutt, talons 1
a: no special abilities


You were on level 5 of the Dungeon.
You visited 1 branch of the dungeon, and saw 5 of its levels.

You collected 212 gold pieces.

Inventory:

Hand Weapons
 a - a +0 flail (weapon)
Armour
 b - a +0 scale mail (worn)
 c - a +0 buckler (worn)
Jewellery
 g - a ring of protection from fire
 j - a ring of positive energy
Wands
 n - a wand of flame (5)
 v - a wand of iceblast (3)
Scrolls
 e - a scroll of noise {unknown}
 f - a scroll of immolation {unknown}
 h - a scroll of fog {unknown}
 k - 2 scrolls of teleportation {unknown}
 l - 2 scrolls of magic mapping {unknown}
 m - 2 scrolls of identify {unknown}
 u - a scroll of vulnerability {unknown}
 w - 2 scrolls of enchant armour {unknown}
 x - a scroll of fear {unknown}
Potions
 d - a potion of might
 i - a potion of brilliance {unknown}
 o - a potion of attraction
 p - a potion of resistance
 q - a potion of haste {unknown}
 t - a potion of lignification {unknown}


   Skills:
 + Level 6.1 Fighting
 + Level 5.4 Maces & Flails
 + Level 6.2 Armour
 + Level 4.3 Dodging
 + Level 6.1 Shields


You had 7 spell levels left.
You didn't know any spells.
Your spell library was empty.

Dungeon Overview and Level Annotations

Branches:
Dungeon (5/15)
 Temple: D:4-7

Altars:
Ashenzari
Elyvilon
Kikubaaqudgha
Xom

Shops:
D:5 :


Innate Abilities, Weirdness & Mutations

You have a pair of horns on your head.
You reflexively headbutt those who attack you in melee.
You have sharp toenails.


Message History

The orc hits you with a +0 dagger. Something hits you but does no damage.
Unknown command.
You bump into the rock wall.
The centaur hits you. The centaur misses you.
The orc priest invokes the aid of Beogh against you.
Beogh smites you! The centaur closely misses you. The centaur kicks you.
The orc misses you.
You hear some strange, mumbled words.
A puff of flame appears from out of thin air!
The puff of flame hits you. You resist.
* * * LOW HITPOINT WARNING * * *
You barely miss something. Your headbutt misses something.
The centaur hits you.
* * * LOW HITPOINT WARNING * * *
The centaur kicks you but does no damage.
The orc hits you with a +0 dagger.
* * * LOW HITPOINT WARNING * * *
You hear some strange, mumbled words.
A puff of flame appears from out of thin air!
The puff of flame hits you. You resist.
* * * LOW HITPOINT WARNING * * *
The centaur hits you but does no damage.
The centaur kicks you.
* * * LOW HITPOINT WARNING * * *
You hit something but do no damage. Your kick misses something.
The centaur hits you.
* * * LOW HITPOINT WARNING * * *
The centaur closely misses you. The orc hits you but does no damage.
Something hits you.
* * * LOW HITPOINT WARNING * * *
The orc priest invokes the aid of Beogh against you.
You barely miss something. Your kick misses something.
Your headbutt misses something.
The centaur hits you but does no damage.
The centaur closely misses you. The orc hits you but does no damage.
Something hits you.
* * * LOW HITPOINT WARNING * * *
The centaur hits you but does no damage.
The centaur kicks you but does no damage.
You barely miss the centaur. The centaur hits you.
You die...

................#
##.###.#
#.....#########.#
#.# #.# #.....#
#.# ##.# #.#
####.## #.#####
#..# #.# #.#
#######.#...#
#.####.# #..
.......)....#
#......# ####
#######.#...#
#.######
#####o##.## #.#
#..oo{@..# #.# ##
#.#####c.# #.#
#.... #..# #.#
#.#.# #.... #.# #
#.#.# #.####.#
#.# # ####.#.#
#.# #.# #.# #
.......## ..# #.#
#)# #
##......#### ###
#.# #.# #
#.......... #.#
#.######


You could see a centaur, 2 orc priests and an orc.

Vanquished Creatures
  Edmund (D:5)
  A black bear (D:5)
  2 phantoms
  2 scorpions (D:5)
  A water moccasin zombie (D:5)
  A water moccasin skeleton (D:4)
  A centaur zombie (D:5)
  A bullfrog zombie (D:5)
  2 hounds
  A gnoll shaman (D:4)
  2 centaur skeletons (D:4)
  An iguana (D:4)
  A scorpion zombie (D:5)
  A hound skeleton (D:5)
  3 gnolls (D:4)
  4 adders
  2 howler monkey skeletons
  An adder skeleton (D:2)
  2 worms
  4 dart slugs
  11 orcs
  2 bats (D:1)
  3 endoplasms
  2 giant cockroaches
  6 goblins
  5 hobgoblins
  4 jackals (D:1)
  3 quokkas
  6 ball pythons
  2 frilled lizards
  7 kobolds
  7 rats
92 creatures vanquished.

Vanquished Creatures (others)
  4 toadstools (D:1)
4 creatures vanquished.

Grand Total: 96 creatures vanquished

Notes
Turn   | Place    | Note
-------+----------+-------------------------------------------
     0 | D:1      | Sin92 the Minotaur Fighter began the quest for the Orb.
     0 | D:1      | Reached XP level 1. HP: 19/19 MP: 0/0
   219 | D:1      | Reached XP level 2. HP: 26/27 MP: 1/1
   486 | D:1      | Reached skill level 1 in Dodging
   664 | D:1      | Found a faded altar of an unknown god.
   677 | D:1      | Found a faded altar of an unknown god.
   891 | D:2      | Reached XP level 3. HP: 33/33 MP: 2/2
  1531 | D:2      | Reached XP level 4. HP: 29/40 MP: 3/3
  1855 | D:3      | Found a white marble altar of Elyvilon.
  1855 | D:3      | Found an ancient bone altar of Kikubaaqudgha.
  2115 | D:3      | Found a broken altar of Ashenzari.
  2440 | D:4      | Noticed a phantom
  2456 | D:4      | Reached XP level 5. HP: 35/47 MP: 4/4
  2467 | D:4      | Killed a phantom
  2710 | D:4      | Reached XP level 6. HP: 47/55 MP: 5/5
  2719 | D:4      | Reached skill level 5 in Fighting
  2897 | D:4      | Reached skill level 5 in Armour
  2897 | D:4      | Reached skill level 5 in Shields
  3575 | D:5      | Entered Level 5 of the Dungeon
  3575 | D:5      | Found Utop's Book Shop.
  3763 | D:5      | Found a shimmering altar of Xom.
  3769 | D:5      | Reached XP level 7. HP: 47/61 MP: 6/6
  4056 | D:5      | Noticed Edmund
  4065 | D:5      | Gained mutation: You have sharp toenails. [potion of
                  | mutation]
  4070 | D:5      | Killed Edmund
  4071 | D:5      | Reached skill level 5 in Maces & Flails
  4501 | D:5      | Reached XP level 8. HP: 48/70 MP: 7/7
  4511 | D:5      | HP: 3/70 [centaur (5)]
  4511 | D:5      | HP: 1/70 [something (2)]
  4513 | D:5      | Slain by a centaur

Illustrated notes

Levels and vault maps discovered:
D:1:      ldierk_walled_garden_2, layout_loops_ring,
          hellmonk_ecumenical_altar_the_god_not_taken
D:2:      layout_loops_cross, minmay_misc_feat_x
D:3:      layout_loops_cross, evilmike_ruin_ashenzari, jmf_multi_god_temple
D:4:      layout_cave_pools
D:5:      layout_loops_ring, nicolae_overflow_crystal_walls, serial_shops,
          shop_fountains, hangedman_abyss_or_decor_stagger, uniq_edmund

Skill      XL: |  1  2  3  4  5  6  7 |
---------------+----------------------+-----
Dodging        | 1 2 3 4 |  4.3
Shields        | 4 5 6 |  6.1
Fighting       | 4 5 6 |  6.1
Maces & Flails | 3 4 5 |  5.4
Armour         | 4 5 6 |  6.2

Action                   |  1- 3 |  4- 6 |  7- 9 || total
-------------------------+-------+-------+-------++-------
Melee: Flail             |    94 |   135 |    53 ||   282
       Headbutt          |    10 |    20 |    11 ||    41
       Kick              |       |       |     9 ||     9
  Use: Potion            |       |     1 |     5 ||     6
Armor: Scale mail        |    38 |    51 |    38 ||   127
Dodge: Dodged            |    44 |    77 |    38 ||   159
Block: Buckler           |    17 |    37 |    10 ||    64
